 Dungeon Crawl Stone Soup version 0.25-a0-302-g9f758675c1 (webtiles) character file.

Game seed: 8354577502318656821, levelgen mode: deterministic

182939 mopl the Lord of Darkness (level 17, -4/137 HPs)
             Began as a Demonspawn Venom Mage on Dec 20, 2019.
             Was the Champion of Kikubaaqudgha.
             Slain by a deep elf blademaster
             ... wielding a +0 rapier
              (16 damage)
             ... on level 3 of the Elven Halls.
             The game lasted 02:03:41 (39897 turns).

mopl the Lord of Darkness (Demonspawn Venom Mage)  Turns: 39897, Time: 02:03:42

Health: -4/137     AC: 26    Str: 11    XL:     17   Next: 72%
Magic:  18/32      EV: 17    Int: 25    God:    Kikubaaqudgha [******]
Gold:   2130       SH:  6    Dex: 18    Spells: 4/38 levels left

rFire    + . .     SeeInvis .   a - +2 trident (venom)
rCold    + . .     Gourm    .   n - +1 buckler {rN+}
rNeg     + . .     Faith    .   e - +1 leather armour of Waev {+Blink Int+4 Dex+4} (curse)
rPois    .         Spirit   .   g - +0 helmet
rElec    .         Reflect  .   l - +2 cloak {+Inv}
rCorr    .         Harm     .   (gloves unavailable)
MR       +....                  (no boots)
Stlth    +++++.....             (no amulet)
HPRegen  0.32/turn              d - ring of protection from fire
MPRegen  0.23/turn              p - +5 ring of protection

@: radiating poison, sanguine armour, very slightly contaminated, invisible
A: claws 3, cold resistance 1, demonic guardian 1, icemail, freezing cloud
immunity, sanguine armour 3
a: Receive Corpses, Torment, Brand Weapon With Pain, Receive Necronomicon,
Renounce Religion, Evoke Blink


You were on level 3 of the Elven Halls.
You worshipped Kikubaaqudgha.
Kikubaaqudgha was exalted by your worship.
You were not hungry.

You visited 5 branches of the dungeon, and saw 27 of its levels.
You visited the Abyss 1 time.

You collected 2540 gold pieces.
You spent 410 gold pieces at shops.

Inventory:

Hand Weapons
 a - a +2 trident of venom (weapon)
 b - a +0 dagger of venom
 x - a cursed +0 quick blade
 C - a +0 short sword of draining
 Q - a +2 scimitar of pain
 Z - the +5 long sword of Nikuonod {drain, rF++ Dex+2}
   (You found it on level 3 of the Abyss)

   A truly terrible weapon, it drains the life of those it strikes.
   It affects your dexterity (+2).
   It greatly protects you from fire.
Missiles
 j - 41 boomerangs (quivered)
 u - 8 curare-tipped darts
 Y - 2 boomerangs of dispersal
Armour
 e - the cursed +1 leather armour of Waev (worn) {+Blink Int+4 Dex+4}
   (You found it on level 6 of the Dungeon)

   It affects your intelligence (+4).
   It affects your dexterity (+4).
   It lets you blink.
   It has a curse placed upon it.
 g - a +0 helmet (worn)
 l - a +2 cloak of invisibility (worn)
 n - a +1 buckler of positive energy (worn)
Jewellery
 d - a ring of protection from fire (left claw)
 o - an uncursed ring of flight {unknown}
 p - a +5 ring of protection (right claw)
 D - an uncursed ring of poison resistance
 F - an uncursed ring of resist corrosion
Wands
 B - a wand of flame (53)
 E - a wand of digging (3)
 G - a wand of clouds (16)
 J - a wand of disintegration (26)
 K - a wand of polymorph (8)
 L - a wand of enslavement (5)
 T - a wand of iceblast (9)
Scrolls
 i - a scroll of fog
 t - 12 scrolls of remove curse
 w - a scroll of vulnerability
 z - a scroll of immolation
 A - 2 scrolls of identify
 H - 3 scrolls of magic mapping
 N - a scroll of amnesia
 O - a scroll of enchant weapon
 V - 5 scrolls of fear
Potions
 h - 2 potions of might
 k - 4 potions of curing
 q - 6 potions of brilliance
 r - 5 potions of agility
 s - 3 potions of flight
 v - 7 potions of lignification {!q}
 M - 2 potions of berserk rage {!q}
 P - 4 potions of haste
 R - 3 potions of resistance
 S - 2 potions of cancellation
 W - a potion of mutation {!q}
Miscellaneous
 f - a fan of gales (inert)
 I - a lamp of fire
 U - a phial of floods
 X - 2 boxes of beasts
Comestibles
 c - 25 rations


   Skills:
 + Level 13.2 Fighting
 + Level 6.8 Armour
 + Level 7.1 Dodging
 + Level 10.8 Stealth
 - Level 4.0 Shields
 - Level 11.0 Spellcasting
 - Level 2.1 Conjurations
 + Level 14.4 Necromancy
 - Level 8.0 Transmutations
 - Level 2.0 Fire Magic
 + Level 3.7 Ice Magic
 - Level 2.0 Air Magic
 - Level 5.0 Earth Magic
 - Level 12.0 Poison Magic
 - Level 10.0 Evocations


You had 4 spell levels left.
You knew the following spells:

 Your Spells              Type           Power        Failure   Level  Hunger
a - Sting                 Tmut/Pois      ####         1%          1    None
b - Poisonous Vapours     Pois/Air       #####.       1%          2    None
c - Corpse Rot            Necr/Air       N/A          1%          2    None
d - Mephitic Cloud        Conj/Pois/Air  #####...     1%          3    None
e - Vampiric Draining     Necr           ######....   1%          3    None
f - Dispel Undead         Necr           ######..     1%          5    ####...
g - Ignite Poison         Fire/Tmut/Pois ######..     1%          3    None
o - Olgreb's Toxic Radia  Pois           ######..     1%          4    None
v - Borgnjor's Vile Clut  Necr/Erth      ######....   3%          5    ####...
S - Simulacrum            Ice/Necr       ######....   21%         6    #####..

Your spell library contained the following spells:

 Spells                   Type           Power        Failure   Level  Hunger
 Animate Skeleton         Necr           N/A          0%          1    None
 Pain                     Necr           ####         0%          1    None
 Beastly Appendage        Tmut           ######       1%          1    None
 Sticks to Snakes         Tmut           ######..     1%          2    None
 Sublimation of Blood     Necr           ######....   1%          2    None
 Spider Form              Tmut/Pois      ######....   1%          3    None
 Ice Form                 Ice/Tmut       #####...     4%          4    None
 Apportation              Tloc           ##....       5%          1    None
 Summon Butterflies       Summ           ##......     5%          1    None
 Conjure Flame            Conj/Fire      ###.....     7%          3    None
 Lesser Beckoning         Tloc           ##........   17%         3    None
 Tukima's Dance           Hex            ##......     17%         3    None
 Leda's Liquefaction      Hex/Erth       ####......   21%         4    None
 Agony                    Necr           ######..     1%          5    ####...
 Alistair's Intoxication  Tmut/Pois      ######..     2%          5    ####...
 Blade Hands              Tmut           ######....   6%          5    ####...
 Excruciating Wounds      Chrm/Necr      #####.....   9%          5    ####...
 Bolt of Magma            Conj/Fire/Erth ####......   41%         5    ####...
 Statue Form              Tmut/Erth      #####....    52%         6    #####..
 Iron Shot                Conj/Erth      ####......   90%         6    #####..
 Freezing Cloud           Conj/Ice/Air   ####......   96%         6    #####..
 Invisibility             Hex            ##......     100%        6    #####..
 Ring of Flames           Chrm/Fire      ###.......   100%        7    #######
 Shatter                  Erth           #####.....   100%        9    #######


Dungeon Overview and Level Annotations

Branches:
Dungeon (15/15)            Temple (1/1) D:4            Lair (6/6) D:10
 Shoals (0/4) Lair:4       Spider (0/4) Lair:4        Slime (0/5) Lair:5
    Orc (2/2) D:10            Elf (3/3) Orc:2        Vaults (0/5) D:14
 Depths: D:15

Altars:
Ashenzari
Cheibriados
Dithmenos
Elyvilon
Fedhas
Gozag
Hepliaklqana
Kikubaaqudgha
Makhleb
Nemelex Xobeh
Okawaru
Qazlal
Ru
Sif Muna
Trog
Uskayaw
Vehumet
Wu Jian
Xom
Yredelemnul
Zin
The Shining One

Shops:
Orc:1 :   Orc:2 ?:%(   Elf:1 [   Elf:2 *

Portals:
Pandemonium: Orc:2

Annotations:
Elf:1 fly


Innate Abilities, Weirdness & Mutations

You have claws for hands.
Your flesh is cold resistant. (rC+)
A weak demonic guardian rushes to your aid.
A meltable icy envelope protects you from harm. (AC +0)
You are immune to freezing clouds.
When seriously injured, your bleeding wounds create very thick armour. (AC +12)


Message History

Kikubaaqudgha accepts your kill.
The ynoxinul disappears in a puff of smoke!
The hellwing disappears in a puff of smoke!
The neqoxec disappears in a puff of smoke!
The deep elf mage looks even sicker.
You kill the deep elf sorcerer!
Kikubaaqudgha accepts your kill.
You feel the corruption within you wane completely.
You feel stable.
The deep elf blademaster closely misses you. x2
You block the deep elf annihilator's attack.
A deep elf death mage comes into view. It is wielding a +0 long sword.
The deep elf sorcerer hits you with a cursed +0 rapier.
* * * LOW HITPOINT WARNING * * *
The deep elf annihilator casts a spell.
The deep elf annihilator blinks!
The deep elf blademaster barely misses you.
The deep elf blademaster hits you with a +0 rapier!
You die...
Kikubaaqudgha rasps: "You have failed me!
Welcome... death!"

### .....# #
......## . #
.......## ... #
#......)##e.... #
##e..§..(......⌠
#
##.......e.e.....
#
#...§.§e.|.e.....
#
#...ee)..(.......
#
#...@eee§..).e...
#
#..e.|.#.....3...
#
#.......e........
#
#....#.#e|.).[...
# #...###. ..).e
# #.## .. ##.# ##
#. ## #)# .### #.
#)# ...# #.#


You could see a deep elf blademaster, a deep elf master archer (wandering), 5
deep elf annihilators, a deep elf death mage, 4 deep elf sorcerers, a deep elf
mage and a +4 glaive of protection (wandering).

Vanquished Creatures
  Bai Suzhen (Elf:3)
  2 deep elf blademasters
  A deep elf master archer (Elf:3)
  Gastronok (Lair:3)
  A sphinx (Elf:2)
  Kirke (D:13)
  A tentacled starspawn (Abyss:3)
  The ghost of night the Black Belt, a journeyman DsMo of Cheibriados (Orc:2)
  A deep elf sorcerer (Elf:3)
  Aizul (Elf:1)
  4 deep elf elementalists
  6 deep elf demonologists (Elf:3)
  5 deep elf annihilators
  5 deep elf death magi
  3 deep elf high priests
  An ice dragon (Lair:6)
  Erica (D:9)
  6 hydras
  A vault guard (D:14)
  2 catoblepae
  3 centaur warriors
  A death knight (D:15)
  8 two-headed ogres
  21 dancing weapons
  5 death yaks (Lair:5)
  A satyr (Abyss:3)
  10 orc high priests
  2 sun demons (Orc:2)
  2 thrashing horrors (Abyss:3)
  18 deep elf knights
  Sonja (Lair:5)
  A gelid demonspawn (Orc:2)
  An infernal demonspawn (Orc:2)
  4 unseen horrors
  A flayed ghost (Abyss:3)
  A harpy (Elf:2)
  9 deep elf archers
  A lindwurm (Lair:6)
  A harpy (shapeshifter) (Abyss:3)
  7 orc knights
  A phantasmal warrior (D:15)
  7 manticores
  3 oklob plants
  46 deep elf magi
  8 orc sorcerers
  2 cyclopes
  2 large abominations (Abyss:3)
  3 ugly things
  4 black mambas
  A naga mage (Abyss:3)
  3 elephants (Lair:2)
  A black mamba (shapeshifter) (Elf:1)
  A water nymph (Abyss:3)
  A smoke demon (Abyss:3)
  9 spiny frogs
  2 gargoyles
  5 torpor snails (Lair:6)
  2 efreet
  2 freezing wraiths (D:15)
  8 centaur skeletons
  2 kobold demonologists
  7 komodo dragons
  A hellwing (Orc:2)
  An ancient zyme (Abyss:3)
  6 trolls
  4 tyrant leeches (Lair:6)
  A troll (shapeshifter) (D:13)
  7 hornets
  2 wind drakes (shapeshifter)
  3 slime creatures (D:12)
  A raiju (Abyss:3)
  A dream sheep (shapeshifter) (D:14)
  26 blink frogs
  7 hippogriffs
  A centaur simulacrum (D:12)
  A flying skull (Abyss:3)
  2 air elementals (Elf:2)
  3 water elementals
  4 wyverns
  2 wraiths
  2 vampires
  15 redbacks
  A spriggan (D:10)
  41 yaks
  A ynoxinul (Abyss:3)
  4 hogs (D:13)
  Grum (D:8)
  A basilisk (Lair:4)
  2 neqoxecs (Abyss:3)
  3 fire elementals
  2 hungry ghosts
  3 chaos spawn
  2 steam dragons
  3 vampire mosquitoes (D:12)
  2 wargs
  A hell hound (Elf:2)
  4 acid dragons
  A soldier ant (D:13)
  12 water moccasins
  7 porcupines
  6 ice beasts
  Duvessa (D:7)
  30 orc warriors
  8 sky beasts
  An eye of draining (D:12)
  4 phantoms
  3 ogres
  A black bear (D:11)
  3 necrophages
  18 wolves
  14 crocodiles
  15 centaurs
  3 big kobolds
  15 bullfrogs
  2 small abominations (Abyss:3)
  3 earth elementals
  A wyvern zombie (D:13)
  Dowan (D:7)
  4 wyvern skeletons
  2 water moccasin zombies
  7 scorpions
  10 killer bees
  An electric eel (Lair:3)
  A howler monkey (D:14)
  10 crimson imps
  A quasit (D:9)
  3 centaur zombies
  2 jellies
  2 bullfrog zombies
  8 hounds
  25 orc wizards
  Crazy Yiuf (D:2)
  24 orc priests
  6 bullfrog skeletons
  5 iguanas
  11 worker ants
  A hound skeleton (D:8)
  A howler monkey zombie (D:7)
  A worker ant zombie (D:10)
  A howler monkey skeleton (D:11)
  12 adders
  8 gnolls
  4 shadow imps
  2 oozes
  2 adder zombies (D:2)
  5 adder skeletons
  6 worms
  2 dart slugs
  7 leopard geckos
  115 orcs
  2 bat skeletons (D:2)
  A bat zombie (D:2)
  4 giant cockroaches
  4 goblins
  8 hobgoblins
  7 jackals
  9 kobolds
  5 quokkas
  8 bats
  4 frilled lizards
  A jackal skeleton (D:6)
  A jackal zombie (D:5)
  A leopard gecko skeleton (D:2)
  A leopard gecko zombie (D:2)
  2 quokka skeletons
  A quokka zombie (D:2)
  7 rats
  2 bushes (Lair:1)
  A crawling corpse (Elf:2)
  2 plants (Lair:6)
934 creatures vanquished.

Vanquished Creatures (collateral kills)
  Jorgrun (D:13)
  A hydra (Elf:2)
  A soul eater (Orc:2)
  A deep elf mage (Elf:2)
  A cyclops (D:15)
  A centaur skeleton (D:15)
  A redback (Elf:2)
  A hell hound (Elf:2)
  An orc wizard (Orc:1)
  A shadow imp (Abyss:3)
  2 crawling corpses (Elf:2)
12 creatures vanquished.

Vanquished Creatures (others)
  A deep elf knight (Elf:2)
  A harpy (Elf:2)
  A water elemental (Elf:2)
  A black bear (shapeshifter) (Elf:3)
  An ufetubus (Abyss:3)
  10 fungi
  13 plants
  10 starspawn tentacles (Abyss:3)
38 creatures vanquished.

Grand Total: 984 creatures vanquished

Notes
Turn   | Place    | Note
-------+----------+-------------------------------------------
     0 | D:1      | mopl the Demonspawn Venom Mage began the quest for the Orb.
     0 | D:1      | Reached XP level 1. HP: 13/13 MP: 3/3
    20 | D:1      | Reached skill level 1 in Transmutations
   286 | D:1      | Gained mutation: You have sharp fingernails. [demonic
                  | ancestry]
   286 | D:1      | Reached XP level 2. HP: 13/19 MP: 0/5
   290 | D:1      | Learned a level 2 spell: Poisonous Vapours
  1188 | D:2      | Reached XP level 3. HP: 16/24 MP: 6/6
  1416 | D:2      | Found a runed translucent door.
  1417 | D:2      | Noticed Crazy Yiuf
  1431 | D:2      | Killed Crazy Yiuf
  1431 | D:2      | Reached skill level 1 in Air Magic
  1431 | D:2      | Reached XP level 4. HP: 30/30 MP: 2/8
  1529 | D:2      | Reached skill level 2 in Transmutations
  1592 | D:2      | Learned a level 3 spell: Mephitic Cloud
  1940 | D:2      | Found a basalt altar of Yredelemnul.
  1955 | D:2      | Found an ornate altar of the Wu Jian Council.
  1955 | D:2      | Found an ancient bone altar of Kikubaaqudgha.
  1957 | D:2      | Found a hide-covered altar of Uskayaw.
  1957 | D:2      | Found a radiant altar of Vehumet.
  1957 | D:2      | Found a shimmering altar of Xom.
  2187 | D:3      | Gained mutation: You have very sharp fingernails. [demonic
                  | ancestry]
  2187 | D:3      | Reached XP level 5. HP: 31/35 MP: 5/9
  2461 | D:3      | Learned a level 3 spell: Ignite Poison
  3032 | D:4      | Reached skill level 3 in Spellcasting
  3032 | D:4      | Reached skill level 1 in Evocations
  3210 | D:4      | Found a hide-covered altar of Uskayaw.
  3210 | D:4      | Found a sparkling altar of Nemelex Xobeh.
  3598 | D:3      | Reached skill level 1 in Shields
  3612 | D:3      | Reached skill level 1 in Conjurations
  3612 | D:3      | Reached skill level 4 in Poison Magic
  3689 | D:3      | Reached XP level 6. HP: 41/41 MP: 6/10
  3764 | D:3      | Reached skill level 2 in Air Magic
  4316 | D:4      | Found a staircase to the Ecumenical Temple.
  4325 | Temple   | Entered the Ecumenical Temple
  4403 | D:4      | Reached skill level 1 in Fire Magic
  4892 | D:5      | Entered Level 5 of the Dungeon
  4900 | D:5      | Noticed an ice beast
  4972 | D:4      | Killed an ice beast
  4972 | D:4      | Gained mutation: You have claws for hands. [demonic
                  | ancestry]
  4972 | D:4      | Reached XP level 7. HP: 15/46 MP: 8/12
  5233 | D:5      | Reached skill level 2 in Evocations
  5347 | D:5      | Reached skill level 2 in Shields
  5385 | D:5      | Reached skill level 2 in Conjurations
  5385 | D:5      | Reached skill level 3 in Transmutations
  5878 | D:5      | Reached skill level 2 in Fire Magic
  5918 | D:5      | Reached skill level 4 in Spellcasting
  6080 | D:5      | Learned a level 4 spell: Olgreb's Toxic Radiance
  6089 | D:5      | Found a glowing silver altar of Zin.
  6410 | D:5      | Reached XP level 8. HP: 52/52 MP: 9/14
  6636 | D:5      | Reached skill level 3 in Evocations
  6776 | D:6      | Reached skill level 5 in Poison Magic
  6827 | D:6      | Reached skill level 3 in Shields
  7114 | D:6      | Reached skill level 4 in Transmutations
  7363 | D:6      | Reached skill level 4 in Evocations
  7722 | D:6      | Got a twisted leather armour
  7940 | D:7      | Noticed Duvessa
  7940 | D:7      | Noticed Dowan
  7943 | D:7      | Killed Duvessa
  7943 | D:7      | Reached skill level 5 in Spellcasting
  7943 | D:7      | Killed Dowan
  7943 | D:7      | Gained mutation: When seriously injured, your bleeding
                  | wounds create armour. (AC +12) [demonic ancestry]
  7943 | D:7      | Reached XP level 9. HP: 57/57 MP: 8/16
  8023 | D:7      | Reached skill level 4 in Shields
  8212 | D:7      | Reached skill level 6 in Poison Magic
  8252 | D:7      | Identified the cursed +1 leather armour of Waev {+Blink
                  | Int+4 Dex+4} (You found it on level 6 of the Dungeon)
  8386 | D:7      | Found a radiant altar of Vehumet.
  8397 | D:7      | Found an ancient bone altar of Kikubaaqudgha.
  8402 | D:7      | Reached skill level 5 in Transmutations
  8412 | D:7      | Identified Kikubaaqudgha's Volume of Darkness
  8414 | D:7      | Became a worshipper of Kikubaaqudgha
  8420 | D:7      | Found a shimmering blue altar of Sif Muna.
  8644 | D:7      | Reached skill level 1 in Necromancy
  8644 | D:7      | Reached skill level 5 in Evocations
  8805 | D:7      | Found a stormy altar of Qazlal.
  8810 | D:7      | Found an iron altar of Okawaru.
  8814 | D:7      | Found a burning altar of Makhleb.
  9047 | D:8      | Reached skill level 2 in Necromancy
  9249 | D:8      | Noticed Grum
  9256 | D:8      | Reached skill level 6 in Spellcasting
  9256 | D:8      | Reached skill level 1 in Fighting
  9256 | D:8      | Reached skill level 3 in Necromancy
  9258 | D:8      | Killed Grum
  9258 | D:8      | Reached skill level 7 in Poison Magic
  9262 | D:8      | Reached * piety under Kikubaaqudgha
  9262 | D:8      | Identified Kikubaaqudgha's Compendium of Unholy Arts
                  | (Kikubaaqudgha gifted it to you on level 8 of the Dungeon)
  9262 | D:8      | Received a gift from Kikubaaqudgha
  9279 | D:8      | Learned a level 2 spell: Corpse Rot
  9283 | D:8      | Learned a level 3 spell: Vampiric Draining
  9433 | D:8      | Gained mutation: Your flesh is cold resistant. (rC+)
                  | [demonic ancestry]
  9433 | D:8      | Reached XP level 10. HP: 50/66 MP: 6/19
  9490 | D:8      | Noticed a two-headed ogre
  9512 | D:8      | Killed a two-headed ogre
  9512 | D:8      | Reached skill level 2 in Fighting
  9512 | D:8      | Reached skill level 6 in Transmutations
  9690 | D:8      | Found a snail-covered altar of Cheibriados.
  9849 | D:9      | Noticed a two-headed ogre
  9864 | D:9      | Killed a two-headed ogre
  9864 | D:9      | Reached skill level 2 in Stealth
  9864 | D:9      | Reached skill level 4 in Necromancy
 10251 | D:9      | Reached skill level 3 in Fighting
 10399 | D:9      | Reached skill level 3 in Stealth
 10414 | D:9      | Noticed Erica
 10428 | D:9      | Killed Erica
 10428 | D:9      | Reached skill level 7 in Spellcasting
 10428 | D:9      | Reached skill level 5 in Necromancy
 10511 | D:9      | Reached skill level 8 in Poison Magic
 10741 | D:9      | Found a sacrificial altar of Ru.
 10825 | D:9      | Reached skill level 4 in Fighting
 10825 | D:9      | Gained mutation: When seriously injured, your bleeding
                  | wounds create thick armour. (AC +12) [demonic ancestry]
 10825 | D:9      | Reached XP level 11. HP: 77/77 MP: 13/21
 10886 | D:10     | Entered Level 10 of the Dungeon
 10890 | D:10     | Reached skill level 7 in Transmutations
 11117 | D:10     | Reached ** piety under Kikubaaqudgha
 11143 | D:10     | Reached skill level 4 in Stealth
 11181 | D:10     | Killed an unseen horror
 11295 | D:10     | Noticed a two-headed ogre
 11304 | D:10     | Killed a two-headed ogre
 11304 | D:10     | Reached skill level 6 in Necromancy
 11356 | D:10     | Found a staircase to the Lair.
 11409 | D:10     | Found a staircase to the Orcish Mines.
 11465 | D:10     | Noticed a two-headed ogre
 11486 | D:10     | Killed a two-headed ogre
 11594 | D:10     | Reached *** piety under Kikubaaqudgha
 11594 | D:10     | Identified Kikubaaqudgha's Collected Works on Unholy Rites
                  | (Kikubaaqudgha gifted it to you on level 10 of the Dungeon)
 11594 | D:10     | Received a gift from Kikubaaqudgha
 11596 | D:10     | Reached skill level 5 in Fighting
 12125 | D:11     | Killed an unseen horror
 12125 | D:11     | Reached skill level 5 in Stealth
 12209 | D:11     | Noticed a two-headed ogre
 12228 | D:11     | Killed a two-headed ogre
 12658 | D:11     | Reached skill level 9 in Poison Magic
 12672 | D:11     | Learned a level 5 spell: Dispel Undead
 12812 | D:11     | Found a sacrificial altar of Ru.
 12860 | D:11     | Reached skill level 7 in Necromancy
 12923 | D:11     | Noticed a two-headed ogre
 12935 | D:11     | Killed a two-headed ogre
 12935 | D:11     | Reached skill level 8 in Transmutations
 13043 | D:11     | Noticed a red ugly thing
 13044 | D:11     | Noticed a green ugly thing
 13075 | D:11     | Killed a green ugly thing
 13092 | D:11     | Killed a red ugly thing
 13092 | D:11     | Reached skill level 6 in Fighting
 13092 | D:11     | Reached XP level 12. HP: 51/88 MP: 8/23
 13617 | D:12     | Reached **** piety under Kikubaaqudgha
 13617 | D:12     | Reached skill level 6 in Stealth
 14087 | D:12     | Reached skill level 8 in Necromancy
 14385 | D:12     | Noticed a two-headed ogre
 14392 | D:12     | Killed a two-headed ogre
 14392 | D:12     | Reached skill level 8 in Spellcasting
 14586 | D:12     | Reached skill level 7 in Fighting
 14904 | Lair:1   | Entered Level 1 of the Lair of Beasts
 14924 | Lair:1   | Reached skill level 7 in Stealth
 14924 | Lair:1   | Reached skill level 10 in Poison Magic
 16231 | Lair:1   | Reached skill level 9 in Necromancy
 16775 | Lair:2   | Gained mutation: You are immune to freezing clouds.
                  | [demonic ancestry]
 16775 | Lair:2   | Reached XP level 13. HP: 93/97 MP: 23/25
 16958 | Lair:2   | Learned a level 5 spell: Borgnjor's Vile Clutch
 17365 | Lair:2   | Reached skill level 1 in Earth Magic
 17978 | Lair:3   | Reached skill level 8 in Fighting
 18009 | Lair:3   | Noticed Gastronok
 18024 | Lair:3   | Killed Gastronok
 18024 | Lair:3   | Reached skill level 8 in Stealth
 18024 | Lair:3   | Reached skill level 6 in Evocations
 18069 | Lair:3   | Reached ***** piety under Kikubaaqudgha
 18193 | Lair:3   | Reached skill level 9 in Spellcasting
 18504 | Lair:3   | Reached skill level 2 in Earth Magic
 19334 | Lair:4   | Identified a scroll of acquirement
 19428 | Lair:4   | Found a hole to the Spider Nest.
 19687 | Lair:4   | Found a shimmering altar of Xom.
 20038 | Lair:4   | Found a staircase to the Shoals.
 20067 | Lair:4   | Reached skill level 3 in Earth Magic
 20604 | Lair:5   | Reached skill level 10 in Necromancy
 20852 | Lair:5   | Reached skill level 7 in Evocations
 21182 | Lair:5   | Noticed Sonja
 21190 | Lair:5   | Killed Sonja
 21654 | Lair:5   | Found a staircase to the Slime Pits.
 21670 | Lair:5   | Reached skill level 9 in Fighting
 21705 | Lair:6   | Entered Level 6 of the Lair of Beasts
 21989 | Lair:6   | Reached skill level 4 in Earth Magic
 21989 | Lair:6   | Gained mutation: A weak demonic guardian rushes to your
                  | aid. [demonic ancestry]
 21989 | Lair:6   | Reached XP level 14. HP: 98/107 MP: 25/27
 22040 | Lair:6   | Reached skill level 9 in Stealth
 23059 | Lair:6   | Found a runed translucent door.
 23297 | Lair:6   | Reached skill level 10 in Spellcasting
 23302 | Lair:6   | Reached ****** piety under Kikubaaqudgha
 23417 | Lair:6   | Reached skill level 5 in Earth Magic
 23700 | Orc:1    | Entered Level 1 of the Orcish Mines
 23961 | Orc:2    | Entered Level 2 of the Orcish Mines
 24087 | Orc:2    | Found a transporter.
 24143 | Orc:2    | Reached skill level 11 in Necromancy
 24360 | Orc:2    | Found a transporter.
 24364 | Orc:2    | Noticed night's ghost (journeyman DsMo)
 24370 | Orc:2    | Found a staircase to the Elven Halls.
 24557 | Orc:2    | Found Facit's Food Emporium.
 24595 | Orc:2    | Found Riats's Magic Scroll Shoppe.
 24954 | Orc:1    | Reached skill level 10 in Fighting
 24955 | Orc:1    | Found Xeskehu's Book Boutique.
 25319 | Orc:2    | Bought a scroll of random uselessness for 14 gold pieces
 25320 | Orc:2    | Bought a scroll of identify for 28 gold pieces
 25320 | Orc:2    | Bought a scroll of identify for 28 gold pieces
 25320 | Orc:2    | Bought a scroll of identify for 28 gold pieces
 25604 | Orc:2    | Reached skill level 10 in Stealth
 26568 | Orc:2    | Found Bauxunn's Book Boutique.
 26568 | Orc:2    | Found Wewu's Antique Weapon Shop.
 26568 | Orc:2    | Found a one-way gate leading to the halls of Pandemonium.
 26645 | Orc:2    | Reached skill level 11 in Poison Magic
 26645 | Orc:2    | Gained mutation: A meltable icy envelope protects you from
                  | harm. (AC +0) [demonic ancestry]
 26645 | Orc:2    | Reached XP level 15. HP: 103/116 MP: 14/29
 26734 | Orc:2    | Killed night's ghost
 26734 | Orc:2    | Reached skill level 12 in Necromancy
 26916 | D:13     | Got a crude robe
 26917 | D:13     | Identified the cursed +0 robe "Teywoar" {rPois Slay+2} (You
                  | found it on level 13 of the Dungeon)
 27087 | D:13     | Noticed Kirke
 27191 | D:13     | Killed Kirke
 27211 | D:13     | Noticed Jorgrun
 27219 | D:13     | Killed Jorgrun
 27219 | D:13     | Reached skill level 11 in Fighting
 28163 | D:14     | Found a gate to the Vaults.
 28520 | D:14     | Reached skill level 2 in Dodging
 28586 | D:14     | Got a colourful robe
 28587 | D:14     | Identified the +2 robe of Ceimekee {+Blink rPois rF- rN+++}
                  | (You found it on level 14 of the Dungeon)
 28712 | D:14     | Reached skill level 1 in Armour
 29043 | D:15     | Entered Level 15 of the Dungeon
 29746 | D:15     | Reached skill level 2 in Armour
 30083 | D:15     | Reached skill level 3 in Dodging
 30327 | Elf:1    | Entered Level 1 of the Elven Halls
 30327 | Elf:1    | Found Kirghathokuwk's Antique Armour Shoppe.
 30740 | Elf:1    | Noticed Aizul
 30754 | Elf:1    | Killed Aizul
 31446 | Elf:2    | Reached skill level 12 in Poison Magic
 31503 | Elf:2    | Reached skill level 3 in Armour
 31505 | Elf:2    | Reached skill level 13 in Necromancy
 31781 | Elf:2    | Found a radiant altar of Vehumet.
 32137 | Elf:2    | Noticed a sphinx
 32141 | Elf:2    | Reached skill level 8 in Evocations
 32141 | Elf:2    | Reached XP level 16. HP: 103/126 MP: 11/30
 32143 | Elf:2    | Killed a sphinx
 32161 | Elf:2    | Reached skill level 4 in Dodging
 32194 | Elf:2    | Found a runed translucent gate.
 32194 | Elf:2    | Found a runed translucent gate.
 32195 | Elf:2    | Found a runed translucent gate.
 32627 | Elf:2    | Reached skill level 12 in Fighting
 33150 | Elf:2    | Reached skill level 4 in Armour
 33367 | Elf:2    | Found Ciax's Assorted Antiques.
 33384 | Elf:2    | Bought a scroll labeled LAAD BAOTUNKU for 24 gold pieces
 33384 | Elf:2    | Bought a scroll of fog for 48 gold pieces
 33384 | Elf:2    | Bought a potion of curing for 72 gold pieces
 33384 | Elf:2    | Bought a scroll of identify for 48 gold pieces
 33384 | Elf:2    | Bought a potion of berserk rage for 120 gold pieces
 33913 | Elf:2    | Reached skill level 5 in Dodging
 34578 | Elf:2    | Reached skill level 9 in Evocations
 34859 | Elf:2    | Noticed a deep elf blademaster
 34866 | Elf:2    | Killed a deep elf blademaster
 34866 | Elf:2    | Reached skill level 5 in Armour
 35008 | Elf:2    | Reached skill level 11 in Spellcasting
 35548 | Elf:2    | Found a shimmering blue altar of Sif Muna.
 35598 | Elf:3    | Entered Level 3 of the Elven Halls
 35688 | Elf:3    | Noticed Bai Suzhen
 35740 | Elf:3    | Killed Bai Suzhen
 36322 | Elf:3    | Learned a level 6 spell: Simulacrum
 36341 | Elf:3    | Noticed a deep elf master archer
 36349 | Elf:3    | Killed a deep elf master archer
 36501 | Elf:3    | Reached skill level 1 in Ice Magic
 36501 | Elf:3    | Gained mutation: When seriously injured, your bleeding
                  | wounds create very thick armour. (AC +12) [demonic
                  | ancestry]
 36501 | Elf:3    | Reached XP level 17. HP: 135/135 MP: 12/32
 36634 | Elf:3    | Reached skill level 6 in Dodging
 37124 | Elf:3    | Reached skill level 14 in Necromancy
 37803 | Elf:3    | Reached skill level 6 in Armour
 37803 | Elf:3    | Reached skill level 2 in Ice Magic
 38537 | Elf:3    | Identified the +12 mace of Truncation {freeze, rN+ Str+2}
 38563 | Elf:3    | Noticed a deep elf blademaster
 38567 | Elf:3    | Noticed a deep elf blademaster
 38579 | Elf:3    | Killed a deep elf blademaster
 38583 | Elf:3    | Reached skill level 13 in Fighting
 38686 | Elf:3    | Cast into level 3 of the Abyss (a deep elf sorcerer)
 38702 | Abyss:3  | Got a shimmering long sword
 38708 | Abyss:3  | Found a corrupted altar of Lugonu.
 38797 | Abyss:3  | Identified the +5 long sword of Nikuonod {drain, rF++
                  | Dex+2} (You found it on level 3 of the Abyss)
 39011 | Abyss:3  | Noticed a bone dragon
 39255 | Abyss:3  | Reached skill level 10 in Evocations
 39398 | Abyss:3  | Reached skill level 3 in Ice Magic
 39470 | Abyss:3  | Found a corrupted altar of Lugonu.
 39671 | Abyss:3  | Noticed an ancient lich
 39671 | Abyss:3  | Noticed a bone dragon
 39676 | Abyss:3  | Noticed a lich
 39882 | Elf:3    | Escaped the Abyss
 39886 | Elf:3    | Identified the amulet of the Eagle {Gourm Str+3}
 39887 | Elf:3    | Noticed a deep elf master archer
 39892 | Elf:3    | Noticed a Tzitzimitl
 39893 | Elf:3    | Reached skill level 7 in Dodging
 39894 | Elf:3    | Identified the +7 falchion of the Lost Gods {speed,
                  | *Corrode Fragile rElec rC+++ rN+}
 39895 | Elf:3    | Identified the +9 war axe of Equivalence {antimagic, +Rage
                  | rF+ rC- Dex+2}
 39897 | Elf:3    | Slain by a deep elf blademaster

Levels and vault maps discovered:
D:1:      dpeg_arrival_ternary, layout_loops_ring
D:2:      layout_loops_ring, serial_undead, serial_undead_d, serial_undead_e,
          serial_undead_c, serial_undead_f, serial_undead_d, serial_undead_c,
          serial_undead_a, serial_undead_c, doesnt_xom_only_xom,
          uniq_crazy_yiuf_cottage
D:3:      layout_basic, serial_bayou_crossing
D:4:      layout_basic, gammafunk_temple_overflow_elements,
          minmay_temple_entry_statues_fountains, minmay_misc_feat_tower
D:5:      layout_loops_ring, overflow_temple_1_default, serial_bayou,
          serial_bayou_pond_a, serial_bayou_ford_a, serial_bayou_pond_d,
          serial_bayou_pond_a, first_ration
D:6:      layout_rooms
D:7:      layout_basic, palyth_temple_overflow_mages,
          minmay_overflow_temple_star_quad, item_on_display_a, uniq_duvessa
D:8:      layout_cave_pools, grunt_ministairs_6, cheibriados_altar_1, uniq_grum
D:9:      layout_cave_pools, nicolae_overflow_crystal_walls, uniq_erica
D:10:     kennysheep_steamy, layout_long_grid, david_lair_shrubbed,
          hiddenorc2_lemuel, the_bakery
D:11:     layout_big_octagon, nicolae_ru_sacrificial_ziggurat
D:12:     layout_irregular_city, serial_column_ruins, column_ruins_open_medium,
          column_ruins_grid_4, column_ruins_columns_straight, kennysheep_path_1,
          minmay_sticks_and_stones
D:13:     layout_stronghold, fountainhead, st_stairs_6, uniq_jorgrun, uniq_kirke
D:14:     layout_roguey, david_vaults_5
D:15:     grunt_enter_depths_magical_seal, layout_gridville
Temple:   minmay_temple_bridge_abc
Lair:1:   layout_loops_ring, minmay_lair_oklob_bushes, beast_lair_carwin_2,
          grunt_megastairs_3
Lair:2:   layout_layer_cave, serial_bayou_pond_c, st_stairs_11,
          serial_bayou_pond_e
Lair:3:   layout_small_grid, serial_bayou_shore_a, uniq_gastronok
Lair:4:   layout_layer_cave, minmay_shoals_entry_centaurs,
          nicolae_spider_entry_non_spiders, basic_altar
Lair:5:   layout_long_grid, minmay_slime_entry_oklob_open, uniq_sonja
Lair:6:   wormcave, layout_regular_city
Orc:1:    layout_caves, serial_shops, shop
Orc:2:    pf_orc_diabolical, layout_caves, gammafunk_ghost_arena
Elf:1:    layout_loops_ring, serial_shops, nicolae_shop_stone,
          evilmike_minifort, uniq_aizul
Elf:2:    layout_loops_ring, basic_altar, special_room
          [special_room_mythical_zoo], serial_shops, shop, drop_trap,
          lemuel_blue_sif_altar
Elf:3:    elf_hall, layout_geoelf_grid, serial_sigils,
          serial_sigils_hangedman_writhe, serial_sigils_hangedman_gut,
          serial_sigils_hangedman_gnaw, serial_sigils_hangedman_scratch,
          serial_sigils_hangedman_stare, drop_trap, uniq_bai_suzhen

Skill      XL: |  1  2  3  4  5  6  7  8  9 10 11 12 13 14 15 16 17 |
---------------+----------------------------------------------------+-----
Transmutations | 1 2 3 4 5 6 8 |  8.0
Air Magic      | 1 2 |  2.0
Spellcasting   | 3 4 5 6 7 8 9 10 11 | 11.0
Evocations     | 1 2 4 5 7 8 9 10 | 10.0
Shields        | 1 2 3 4 |  4.0
Conjurations   | 1 2 |  2.1
Poison Magic   | 4 5 7 8 9 10 11 12 | 12.0
Fire Magic     | 1 2 |  2.0
Necromancy     | 3 5 7 9 10 11 13 14 | 14.4
Fighting       | 1 4 6 7 9 10 11 12 13 | 13.2
Stealth        | 3 5 7 8 10 | 10.8
Earth Magic    | 4 5 |  5.0
Dodging        | 3 5 7 |  7.1
Armour         | 3 5 6 |  6.8
Ice Magic      | 1 3 |  3.7

Action                   |  1- 3 |  4- 6 |  7- 9 | 10-12 | 13-15 | 16-18 || total
-------------------------+-------+-------+-------+-------+-------+-------++-------
Melee: Unarmed           |    13 |       |       |       |     2 |       ||    15
       Short sword       |    63 |    83 |       |       |       |       ||   146
       Mace              |       |   130 |   115 |       |       |       ||   245
       Trident           |       |       |   242 |   286 |   413 |   369 ||  1310
       Dagger            |       |       |       |   233 |   385 |    19 ||   637
Throw: Boomerang         |       |       |       |    14 |     2 |     2 ||    18
 Cast: Sting             |    31 |    49 |    57 |    10 |    11 |       ||   158
       Poisonous Vapours |     2 |    31 |    38 |    13 |    29 |       ||   113
       Mephitic Cloud    |       |     2 |     7 |     8 |     6 |       ||    23
       Ignite Poison     |       |       |    10 |    33 |   108 |    56 ||   207
       Olgreb's Toxic Ra |       |       |    13 |    56 |   129 |    66 ||   264
       Vampiric Draining |       |       |     3 |    26 |    29 |     3 ||    61
       Dispel Undead     |       |       |       |    11 |    27 |     6 ||    44
       Corpse Rot        |       |       |       |     4 |     4 |     1 ||     9
       Borgnjor's Vile C |       |       |       |       |    55 |    86 ||   141
 Abil: Evoke Invisibilit |       |       |       |    11 |     5 |     6 ||    22
       Evoke Blink       |       |       |       |     1 |       |     2 ||     3
Evoke: Wand              |       |     7 |    15 |    26 |    24 |    17 ||    89
       Fan of gales      |       |       |       |       |       |     2 ||     2
       Box of beasts     |       |       |       |       |       |     1 ||     1
  Use: Scroll            |       |     7 |     7 |     2 |    15 |    12 ||    43
       Potion            |       |       |     1 |       |       |    15 ||    16
 Stab: Sleeping          |     2 |     3 |     2 |    11 |    27 |     7 ||    52
       Paralysed         |       |     9 |       |    26 |    21 |       ||    56
       Distracted        |       |       |     1 |       |     5 |     2 ||     8
       Invisible         |       |       |       |    12 |     5 |     7 ||    24
       Confused          |       |       |       |     1 |       |       ||     1
  Eat: Chunk             |     2 |    10 |    19 |    21 |    58 |    20 ||   130
       Ration            |       |     1 |       |     4 |     3 |     6 ||    14
Armor: Robe              |    28 |   122 |    65 |       |       |       ||   215
       Leather armour    |       |       |    75 |   201 |   323 |   224 ||   823
Dodge: Dodged            |    57 |   173 |   245 |   329 |   376 |   331 ||  1511
Block: Buckler           |       |    56 |   140 |   151 |   244 |   134 ||   725

Table legend:
 A = Non-vault XP
 B = Vault XP
 C = Vault XP percentage of total XP
 D = Non-vault monster count
 E = Vault monster count
 F = Vault count percentage of total count
                 A         B        C        D         E       F
            +---------+---------+-------+---------+---------+-------
      Total |  159800 |  110048 |  40.8 |     714 |     226 |  24.0
            +---------+---------+-------+---------+---------+-------
        D:1 |      33 |       0 |   0.0 |      16 |       0 |   0.0
        D:2 |      97 |      67 |  40.9 |      16 |      10 |  38.5
        D:3 |     255 |       0 |   0.0 |      37 |       0 |   0.0
        D:4 |     245 |       0 |   0.0 |      14 |       0 |   0.0
        D:5 |     750 |       0 |   0.0 |      27 |       0 |   0.0
        D:6 |    1105 |       0 |   0.0 |      41 |       0 |   0.0
        D:7 |    1174 |     404 |  25.6 |      29 |       7 |  19.4
        D:8 |    1749 |     764 |  30.4 |      15 |       7 |  31.8
        D:9 |    3718 |     981 |  20.9 |      29 |       1 |   3.3
       D:10 |    3644 |    1447 |  28.4 |      17 |      37 |  68.5
       D:11 |    6918 |       0 |   0.0 |      26 |       0 |   0.0
       D:12 |    7690 |     526 |   6.4 |      38 |       1 |   2.6
       D:13 |    3446 |    5947 |  63.3 |      23 |       8 |  25.8
       D:14 |   11010 |     963 |   8.0 |      40 |       1 |   2.4
       D:15 |    9449 |       0 |   0.0 |      25 |       0 |   0.0
     Temple |      58 |       0 |   0.0 |       3 |       0 |   0.0
     Lair:1 |    5352 |    1142 |  17.6 |      23 |       5 |  17.9
     Lair:2 |    4380 |      90 |   2.0 |      15 |       1 |   6.2
     Lair:3 |    4438 |    2369 |  34.8 |      19 |       1 |   5.0
     Lair:4 |    4313 |     757 |  14.9 |      21 |      10 |  32.3
     Lair:5 |    7888 |    1948 |  19.8 |      21 |       3 |  12.5
     Lair:6 |    8331 |    6509 |  43.9 |      27 |      17 |  38.6
      Orc:1 |    2365 |       0 |   0.0 |      39 |       0 |   0.0
      Orc:2 |    4006 |   19799 |  83.2 |      22 |      54 |  71.1
      Elf:1 |    9021 |    1614 |  15.2 |      17 |       1 |   5.6
      Elf:2 |   26115 |   29673 |  53.2 |      46 |      38 |  45.2
      Elf:3 |   23116 |   32816 |  58.7 |      46 |      21 |  31.3
    Abyss:3 |    9134 |    2232 |  19.6 |      22 |       3 |  12.0
            +---------+---------+-------+---------+---------+-------
